 Dungeon Crawl Stone Soup version 0.22-a0-433-gd2a9cce (webtiles) character file.

2104 Mgcat the Severer (level 9, -1/70 HPs)
             Began as a Hill Orc Berserker on May 28, 2018.
             Was a Believer of Trog.
             Splashed by a jelly's acid (5 damage)
             ... on level 8 of the Dungeon.
             The game lasted 00:07:57 (2428 turns).

Mgcat the Severer (Hill Orc Berserker)              Turns: 2428, Time: 00:07:59

Health: -1/70      AC: -5    Str: 23    XL:     9   Next: 28%
Magic:  18/18      EV: 12    Int:  7    God:    Trog [**....]
Gold:   113        SH:  0    Dex: 15    Spells: 8/8 levels left

rFire    . . .     SeeInvis .   k - +2 war axe (flame)
rCold    . . .     Gourm    .   (no shield)
rNeg     . . .     Faith    .   q - +0 plate armour
rPois    .         Spirit   .   (no helmet)
rElec    .         Reflect  .   (no cloak)
rCorr    .         Harm     .   (no gloves)
MR       ++...                  (no boots)
Stlth    ..........             a - amulet of the acrobat
HPRegen  1.21/turn              f - ring of magical power {MP+9}
MPRegen  0.16/turn              (no ring)

@: agile, corroded, berserk cooldown, regenerating, slowed, very slow
A: no striking features
a: Berserk, Trog's Hand, Renounce Religion


You were on level 8 of the Dungeon.
You worshipped Trog.
Trog was pleased with you.
You were hungry.

You visited 1 branch of the dungeon, and saw 9 of its levels.

You collected 113 gold pieces.

Inventory:

Hand Weapons
 k - a +2 war axe of flaming (weapon)
   (You took it off an orc on level 5 of the Dungeon)
Missiles
 t - a throwing net {=f, !d}
Armour
 q - a +0 plate armour (worn)
   (You found it on level 7 of the Dungeon)
Jewellery
 a - an amulet of the acrobat (around neck)
   (You found it on level 5 of the Dungeon)
 f - a ring of magical power (left hand) {MP+9}
   (You found it on level 6 of the Dungeon)
Wands
 d - a wand of random effects (27)
   (You took it off an orc wizard on level 6 of the Dungeon)
 i - a wand of polymorph (6)
   (You took it off Dowan on level 4 of the Dungeon)
Scrolls
 e - a scroll of immolation {!r}
Potions
 g - 2 potions of brilliance
 h - a potion of agility
 m - 2 potions of magic
 n - a potion of haste
 p - a potion of curing {unknown}
Comestibles
 c - 7 rations
 r - 10 chunks of flesh {@w0}


   Skills:
 + Level 3.6 Fighting
 - Level 15.1 Axes
 - Level 2.1 Armour
 - Level 1.5 Dodging


You had 8 spell levels left.
You didn't know any spells.
Your spell library was empty.

Dungeon Overview and Level Annotations

Branches:
Dungeon (9/15)
 Temple: D:4-7         Lair: D:8-11         Orc: D:9-12

Altars:
Hepliaklqana
Ru
Wu Jian


Message History

Mgcat's ghost is severely damaged.
You are feeling very hungry.
Mgcat's ghost hits you!!
You slash Mgcat's ghost! You burn Mgcat's ghost.
You destroy Mgcat's ghost!
Trog accepts your kill.
Training target 14.0 for Axes reached!
Your Axes skill gained 2 levels and is now at level 15!
You need to enable at least one skill for training.
You have reached level 9!
Your experience leads to an increase in your attributes!
Your base attributes are Str 22, Int 7, Dex 10.
Increase (S)trength, (I)ntelligence, or (D)exterity?
You feel stronger.
You feel a strong urge to attack something.
Some of the chunks of flesh in your inventory have rotted away.
There is a stone staircase leading up here.
You start resting.
Eating one of 11 chunks of flesh {@w0}.
You eat one of the 11 chunks of flesh {@w0}.
This raw flesh tastes terrible.
You feel your anger nearly subside.
You are no longer berserk.
You are exhausted.
You feel yourself slow down.
You start resting.
HP restored.
You start resting.
You feel the effects of Trog's Hand fading.
You start resting.
Your skin stops crawling.
You feel less resistant to hostile enchantments.
You climb upwards.
There is a stone staircase leading down here.
HP restored.
An adder zombie comes into view.
Unknown command.
A jelly comes into view.
The jelly quivers.
The adder zombie closely misses you. The adder zombie completely misses you.
You slash the adder zombie! You burn the adder zombie.
The adder zombie is heavily damaged.
The adder zombie bites you.
You barely miss the adder zombie.
The adder zombie is heavily damaged.
The adder zombie closely misses you.
Your plate armour prevents you from hitting the jelly.
Your plate armour prevents you from hitting the adder zombie.
The adder zombie bites you but does no damage.
The jelly hits you but does no damage.
You hit the jelly. You burn the jelly. The acid corrodes you!
Your hands burn!
The jelly is lightly wounded.
You hit the adder zombie. You burn the adder zombie.
The adder zombie bites you. The jelly hits you but does no damage.
The adder zombie bites you.
You hit the jelly but do no damage.
Your hands burn!
The jelly is lightly wounded.
You hit the adder zombie but do no damage.
The jelly barely misses you.
The adder zombie bites you but does no damage.
You hit the jelly. You burn the jelly.
Your hands burn!
The jelly is moderately wounded.
You barely miss the adder zombie. The jelly hits you but does no damage.
The adder zombie bites you but does no damage.
You hit the jelly. You burn the jelly. The acid corrodes you!
Your hands burn!
The jelly is severely wounded.
You closely miss the adder zombie. The jelly hits you.
You are splashed with acid!
The acid burns!
The adder zombie closely misses you.
You hit the jelly but do no damage.
Your hands burn!
The jelly is severely wounded.
You closely miss the adder zombie. The jelly closely misses you.
The adder zombie closely misses you.
You hit the jelly but do no damage.
Your hands burn!
The jelly is severely wounded.
You barely miss the adder zombie. The jelly hits you but does no damage.
The adder zombie bites you.
You hit the jelly but do no damage.
Your hands burn!
The jelly is severely wounded.
You closely miss the adder zombie. The adder zombie bites you.
The jelly hits you. The acid corrodes you!
You are splashed with acid!
The acid burns!
The adder zombie bites you. The jelly hits you.
You are splashed with acid!
The acid burns!
* * * LOW HITPOINT WARNING * * *
Your skin crawls.
You feel resistant to hostile enchantments.
You feel somewhat more hungry. The adder zombie bites you.
* * * LOW HITPOINT WARNING * * *
The jelly hits you.
* * * LOW HITPOINT WARNING * * *
The acid corrodes you!
You are splashed with acid!
The acid burns!
* * * LOW HITPOINT WARNING * * *
Okay, then.
You feel agile all of a sudden.
You are feeling hungry.
The adder zombie closely misses you. The jelly closely misses you.
The adder zombie bites you.
* * * LOW HITPOINT WARNING * * *
The jelly hits you.
* * * LOW HITPOINT WARNING * * *
You are splashed with acid!
The acid burns!
You die...

..#≈#
#######.#≈# .
.......#≈####..
.......≈......
#.#...#≈....
#####.#...#≈..
..........#≈#
#..Z.>..≈#
#..####.@.....≈#
........J.....≈#
...####.##...#≈#
#.##...#≈#
##.##...#≈####
#.......##≈≈≈≈
#.###.......# #.
##).##### ..
##.######.#


You could see a jelly and an adder zombie.

Vanquished Creatures
  The ghost of Mgcat the Severer, a novice HOBe of Trog (D:9)
  A hippogriff (D:7)
  Duvessa (D:4)
  An orc warrior (D:8)
  2 ogres
  A centaur (D:7)
  A bullfrog (D:7)
  Dowan (D:4)
  3 scorpions
  A centaur zombie (D:7)
  3 hounds
  A quasit (D:7)
  3 orc wizards
  5 orc priests
  An iguana (D:7)
  A worker ant (D:6)
  A hound zombie (D:8)
  A hound skeleton (D:7)
  A howler monkey zombie (D:7)
  3 gnolls (D:8)
  5 adders
  A shadow imp (D:5)
  An ooze (D:4)
  A dart slug (D:2)
  6 leopard geckos
  13 orcs
  3 bats
  3 giant cockroaches
  3 goblins (D:1)
  2 hobgoblins
  2 jackals (D:1)
  3 quokkas
  A frilled lizard (D:5)
  2 kobolds (D:1)
  2 rats (D:2)
81 creatures vanquished.

Notes
Turn   | Place    | Note
-------+----------+-------------------------------------------
     0 | D:1      | Mgcat the Hill Orc Berserker began the quest for the Orb.
     0 | D:1      | Reached XP level 1. HP: 19/19 MP: 1/1
    42 | D:1      | Reached XP level 2. HP: 26/26 MP: 2/2
    49 | D:1      | Reached skill level 5 in Axes
   249 | D:2      | Reached XP level 3. HP: 31/31 MP: 3/3
   253 | D:2      | Reached ** piety under Trog
   341 | D:3      | Reached skill level 6 in Axes
   531 | D:4      | Noticed Duvessa
   532 | D:4      | Noticed Dowan
   547 | D:4      | Killed Duvessa
   547 | D:4      | Reached skill level 7 in Axes
   547 | D:4      | Reached XP level 4. HP: 29/39 MP: 4/4
   547 | D:4      | Reached XP level 5. HP: 34/45 MP: 5/5
   548 | D:4      | Killed Dowan
   548 | D:4      | Reached skill level 8 in Axes
   666 | D:5      | Entered Level 5 of the Dungeon
   686 | D:5      | Reached XP level 6. HP: 51/51 MP: 6/6
   740 | D:5      | Reached skill level 9 in Axes
   843 | D:5      | Found a sacrificial altar of Ru.
  1028 | D:5      | Reached skill level 10 in Axes
  1028 | D:5      | Reached XP level 7. HP: 57/57 MP: 7/7
  1182 | D:6      | HP: 13/57 [orc (3)]
  1184 | D:6      | HP: 2/57 [orc priest/divine providence (9)]
  1265 | D:6      | Found a hazy altar of Hepliaklqana.
  1265 | D:6      | Found an ornate altar of the Wu Jian Council.
  1348 | D:7      | Reached skill level 11 in Axes
  1534 | D:7      | Noticed a hippogriff
  1541 | D:7      | Killed a hippogriff
  1541 | D:7      | Reached skill level 12 in Axes
  1541 | D:7      | Reached XP level 8. HP: 64/64 MP: 8/8
  2069 | D:7      | Reached skill level 13 in Axes
  2187 | D:8      | Reached *** piety under Trog
  2379 | D:9      | Noticed Mgcat's ghost (novice HOBe)
  2391 | D:9      | Killed Mgcat's ghost
  2391 | D:9      | Reached skill level 15 in Axes
  2391 | D:9      | Reached XP level 9. HP: 70/70 MP: 9/9
  2427 | D:8      | HP: 8/70 [acid (10)]
  2428 | D:8      | Splashed by a jelly's acid

Vault maps used:
D:1:      scummos_arrival_hexagon, minmay_pentomino_q4
D:3:      wad_river_or_something
D:4:      grunt_temple_overflow_order_and_chaos_1,
          nemelex_xobeh_ov_fountains_minmay, kennysheep_small_circle,
          uniq_duvessa
D:5:      hangedman_ru_absence, first_ration
D:6:      gammafunk_temple_overflow_elements,
          minmay_temple_entry_statues_pillars
D:7:      nicolae_ossuary_entry_monument
D:8:      cheibrodos_ideogram_h
D:9:      basic_altar

Skill      XL: |  1  2  3  4  5  6  7  8 |
---------------+-------------------------+-----
Axes           | 5 7 8 10 12 15 | 15.1
Fighting       | |  3.6
Armour         | |  2.1
Dodging        | |  1.5

Action                   |  1- 3 |  4- 6 |  7- 9 || total
-------------------------+-------+-------+-------++-------
Melee: Hand axe          |    72 |    13 |       ||    85
       War axe           |       |    20 |    89 ||   109
Invok: Berserk           |     4 |     3 |     7 ||    14
       Trog's Hand       |     1 |     1 |     4 ||     6
  Use: Potion            |       |       |     4 ||     4
       Scroll            |       |       |     8 ||     8
 Stab: Sleeping          |     1 |       |       ||     1
  Eat: Chunk             |     1 |     5 |    13 ||    19
Armor: Animal skin       |     9 |       |       ||     9
       Chain mail        |       |     4 |    24 ||    28
       Plate armour      |       |       |    21 ||    21
Dodge: Dodged            |    52 |    12 |    70 ||   134

Table legend:
 A = Spawn XP
 B = Non-spawn XP
 C = Spawn XP percentage of total XP
 D = Spawn monster count
 E = Non-spawn monster count
 F = Spawn count percentage of total count
 G = Total turns spent on level
                    A         B        C        D         E        F      G
               +---------+---------+-------+---------+---------+-------+---------
         Total |       0 |    3006 |   0.0 |       0 |      81 |   0.0 |  2428
               +---------+---------+-------+---------+---------+-------+---------
           D:1 |       0 |      30 |   0.0 |       0 |      14 |   0.0 |   226
           D:2 |       0 |      30 |   0.0 |       0 |       9 |   0.0 |   112
           D:3 |       0 |      20 |   0.0 |       0 |       4 |   0.0 |   174
           D:4 |       0 |     226 |   0.0 |       0 |       3 |   0.0 |   154
           D:5 |       0 |     369 |   0.0 |       0 |      16 |   0.0 |   457
           D:6 |       0 |     207 |   0.0 |       0 |      10 |   0.0 |   174
           D:7 |       0 |     865 |   0.0 |       0 |      12 |   0.0 |   884
           D:8 |       0 |     402 |   0.0 |       0 |      12 |   0.0 |   192
           D:9 |       0 |     857 |   0.0 |       0 |       1 |   0.0 |    55
               +---------+---------+-------+---------+---------+-------+---------

Vault maps used:
D:1:      scummos_arrival_hexagon, minmay_pentomino_q4
D:3:      wad_river_or_something
D:4:      grunt_temple_overflow_order_and_chaos_1,
          nemelex_xobeh_ov_fountains_minmay, kennysheep_small_circle,
          uniq_duvessa
D:5:      hangedman_ru_absence, first_ration
D:6:      gammafunk_temple_overflow_elements,
          minmay_temple_entry_statues_pillars
D:7:      nicolae_ossuary_entry_monument
D:8:      cheibrodos_ideogram_h
D:9:      basic_altar

Table legend:
 A = Turns spent in this place as a percentage of turns spent in the entire game.
 B = Non-inter-level travel turns spent in this place as a percentage of non-inter-level travel turns spent in the entire game.
 C = Inter-level travel turns spent in this place as a percentage of turns spent in this place.
 D = Turns resting spent in this place as a percentage of non-inter-level travel turns spent in this place.
 E = Turns spent auto-exploring this place as a percentage of non-inter-level travel turns spent in this place.
 F = Non-inter-level travel turns spent in this place divided by the number of levels of this place that you've seen.
                   A       B       C       D       E      F
               +-------+-------+-------+-------+-------+----------------------
         Total | 100.0 | 100.0 |   4.7 |   9.9 |  62.1 | 257.0
       Dungeon | 100.0 | 100.0 |   4.7 |   9.9 |  62.1 | 257.0
               +-------+-------+-------+-------+-------+----------------------

Table legend:
 A = Kills in this place as a percentage of kills in entire the game.
 B = Kills by you in this place as a percentage of kills by you in the entire game.
 C = Kills by friends in this place as a percentage of kills by friends in the entire game.
 D = Other kills in this place as a percentage of other kills in the entire game.
 E = Experience gained in this place as a percentage of experience gained in the entire game.
 F = Experience gained in this place divided by the number of levels of this place that you have seen.
                   A       B       C       D       E      F
               +-------+-------+-------+-------+-------+----------------------
         Total | 100.0 | 100.0 |   N/A |   N/A | 100.0 | 334.0
       Dungeon | 100.0 | 100.0 |   N/A |   N/A | 100.0 | 334.0
               +-------+-------+-------+-------+-------+----------------------
